 Dungeon Crawl Stone Soup version 0.30-a0-1102-g2dbb833546 (webtiles) character file.

Game seed: 2218039562149764729

3085 KristoblXynda the Carver (level 9, -8/69 HPs)
             Began as a Vampire Gladiator on Apr 18, 2023.
             Mangled by an ogre
             ... wielding a +0 giant club
              (27 damage)
             ... on level 7 of the Dungeon.
             The game lasted 00:10:47 (7172 turns).

KristoblXynda the Carver (Vampire Gladiator)        Turns: 7172, Time: 00:10:48

Health: -8/69      AC: 13    Str: 14    XL:     9   Next: 58%
Magic:  9/9        EV: 16    Int: 12    God:
Gold:   334        SH:  0    Dex: 19    Spells: 8/8 levels left

rFire   . . .      SeeInvis +    a - +0 long sword (drain)
rCold   . . .      Faith    .    (no shield)
rNeg    . . .      Spirit   .    b - +0 leather armour
rPois   .          Reflect  .    j - +2 helmet
rElec   .          Rampage  .    s - +0 cloak
rCorr   .                        x - +1 pair of gloves
Will    .....                    u - +1 pair of boots
Stlth   +++                      (no amulet)
HPRegen 0.51/turn                (no ring)
MPRegen 0.11/turn                (no ring)

@: healing quickly
A: alive, fangs 3, see invisible, vampiric 2, claws 1, iridescent scales 1,
agile 1
a: Exsanguinate


You were on level 7 of the Dungeon.
You visited 1 branch of the dungeon, and saw 7 of its levels.
You also visited: Sewer.

You collected 424 gold pieces.
You spent 90 gold pieces at shops.

Inventory:

Hand Weapons
 a - a +0 long sword of draining (weapon)
Missiles
 d - 3 throwing nets (quivered)
 e - a javelin
Armour
 b - a +0 leather armour (worn)
 j - a +2 helmet (worn)
 s - a +0 cloak (worn)
 u - a +1 pair of boots (worn)
 w - a +0 buckler
 x - a +1 pair of gloves (worn)
Wands
 f - a wand of light (8)
Scrolls
 c - 4 scrolls of magic mapping
 i - a scroll of blinking
 p - 4 scrolls of teleportation
 q - 2 scrolls of fog
 y - a scroll of immolation
Potions
 g - 2 potions of brilliance
 h - 3 potions of curing
 k - 2 potions of might {unknown}
 l - 2 potions of flight {unknown}
 n - 2 potions of invisibility {unknown}
 o - 3 potions of ambrosia
 r - a potion of resistance {unknown}
 t - 2 potions of mutation
 z - a potion of magic {unknown}


   Skills:
 + Level 6.0 Fighting
 * Level 9.5 Long Blades
 - Level 1.5 Throwing
 + Level 1.1 Armour
 + Level 7.6 Dodging
 - Level 6.7 Stealth


You had 8 spell levels left.
You didn't know any spells.
Your spell library was empty.

Dungeon Overview and Level Annotations

Branches:
Dungeon (7/15)              Sewer (visited)
 Temple: D:4-7

Altars:
Dithmenos
Fedhas
Kikubaaqudgha
Makhleb
Okawaru
Qazlal

Shops:
D:1 [

Annotations:
D:5 1 runed translucent door, tish's ghost, novice OpWn
D:7 Menkaure


Innate Abilities, Weirdness & Mutations

Your natural rate of healing is accelerated.
You have razor-sharp teeth.
You have supernaturally acute eyesight. (SInv)
You are afflicted with vampirism and can become a bat while bloodless.
You have sharp fingernails.
You are partially covered in iridescent scales. (AC +2)
You are agile. (Dex +4, Str/Int -1)


Message History

You bite the orc.
The orc is lightly wounded.
The orc hits you but does no damage.
An ogre comes into view. It is wielding a +0 giant club.
You barely miss the orc.
The orc is lightly wounded.
The orc hits you with a +0 triple sword.
You hit the orc but do no damage.
The orc is lightly wounded.
The orc hits you with a +0 triple sword.
You closely miss the orc.
The orc is lightly wounded.
The orc barely misses you.
You hit the orc.
The orc is severely wounded.
The orc closely misses you.
You slash the orc!
You kill the orc!
The ogre misses you.
You hit Menkaure but do no damage. You barely miss Menkaure.
The ogre hits you with a +0 giant club! Menkaure hits you!
You barely miss Menkaure. Menkaure closely misses you.
The ogre hits you with a +0 giant club!
You closely miss Menkaure. You bite Menkaure.
Menkaure is lightly damaged.
Menkaure closely misses you.
You slash Menkaure!
Menkaure is severely damaged.
The ogre closely misses you.
You hit Menkaure.
Menkaure is almost destroyed.
Menkaure calls on the powers of darkness!
Your body is wracked with pain!
* * * LOW HITPOINT WARNING * * *
The ogre convulses!
You hit Menkaure.
Menkaure is almost destroyed.
The ogre hits you with a +0 giant club!!
You die...

#############
##.....#.....##
##########...........|.#
...#....................
...#....................
...#....................
#.......................
...#.........?..@O......
............:...M.......
.......................#
................#.....##
.................<......
##....##.......#........
.##....#.?..............
.#..................##.#
...!....#.(......


You could see an ogre and Menkaure.

Vanquished Creatures
  Pikel (D:4)
  Grinder (D:3)
  A water moccasin (D:6)
  An orc warrior (D:7)
  4 ogres
  3 centaurs
  3 kobold brigands (Sewer)
  2 phantoms (D:4)
  2 gnoll sergeants
  2 scorpions
  2 bullfrogs (D:6)
  2 gnoll boudas
  3 jellies (D:5)
  A quasit (D:5)
  An orc priest (D:4)
  2 hounds
  2 iguanas (D:6)
  4 sleepcaps
  An orc wizard (D:6)
  15 gnolls
  10 adders
  2 river rats (Sewer)
  4 shadow imps (D:5)
  6 white imps
  3 ufetubi
  6 worms
  2 dart slugs
  17 orcs
  8 bats
  11 endoplasms
  4 goblins
  8 hobgoblins
  6 jackals
  12 kobolds
  9 quokkas
  5 ball pythons
  6 frilled lizards
  5 rats
177 creatures vanquished.

Vanquished Creatures (others)
  A plant (D:7)
1 creature vanquished.

Grand Total: 178 creatures vanquished

Notes
Turn   | Place    | Note
-------+----------+-------------------------------------------
     0 | D:1      | KristoblXynda the Vampire Gladiator began the quest for the
                  | Orb.
     0 | D:1      | Reached XP level 1. HP: 16/16 MP: 1/1
   167 | D:1      | Reached XP level 2. HP: 22/22 MP: 2/2
   190 | D:1      | Found Kuschiz's Armour Shop.
   291 | D:1      | Found a faded altar of an unknown god.
   940 | D:2      | Gained mutation: You are afflicted with vampirism and can
                  | become a bat while bloodless. [Vampire growth]
   940 | D:2      | Reached XP level 3. HP: 27/27 MP: 3/3
  1801 | D:3      | Found a burning altar of Makhleb.
  1808 | D:3      | Found a blossoming altar of Fedhas.
  1811 | D:3      | Found an iron altar of Okawaru.
  1811 | D:3      | Found a shadowy altar of Dithmenos.
  1818 | D:3      | Found a stormy altar of Qazlal.
  1885 | D:3      | Reached skill level 4 in Long Blades
  1963 | D:3      | Noticed Grinder
  1971 | D:3      | Killed Grinder
  1972 | D:3      | Reached skill level 5 in Long Blades
  1972 | D:3      | Reached XP level 4. HP: 30/35 MP: 4/4
  1972 | D:3      | Reached XP level 5. HP: 35/41 MP: 5/5
  2218 | D:1      | Bought a +0 buckler for 45 gold pieces
  2218 | D:1      | Bought a +0 pair of gloves for 45 gold pieces
  2298 | D:4      | Found a glowing drain.
  2317 | Sewer    | Entered a sewer
  2465 | Sewer    | Reached XP level 6. HP: 42/47 MP: 6/6
  2805 | Sewer    | Reached skill level 5 in Dodging
  2875 | Sewer    | Reached skill level 6 in Long Blades
  2875 | Sewer    | Reached XP level 7. HP: 29/53 MP: 7/7
  3645 | D:4      | Noticed Pikel
  3663 | D:4      | Reached skill level 1 in Stealth
  3696 | D:4      | Killed Pikel
  3697 | D:4      | Reached skill level 7 in Long Blades
  3697 | D:4      | Reached XP level 8. HP: 17/61 MP: 8/8
  4156 | D:5      | Entered Level 5 of the Dungeon
  4164 | D:5      | Found a runed translucent door.
  4511 | D:5      | Reached skill level 5 in Fighting
  4511 | D:5      | Reached skill level 8 in Long Blades
  4581 | D:5      | Noticed tish's ghost (novice OpWn)
  4598 | D:5      | Reached skill level 5 in Stealth
  4978 | D:5      | Reached XP level 9. HP: 68/68 MP: 9/9
  6077 | D:6      | Gained mutation: You are occasionally teleported next to
                  | monsters. [potion of mutation]
  6077 | D:6      | Gained mutation: You are somewhat resistant to further
                  | mutation. [potion of mutation]
  6104 | D:5      | Reached skill level 9 in Long Blades
  6552 | D:6      | Lost mutation: You are occasionally teleported next to
                  | monsters. [potion of mutation]
  6552 | D:6      | Lost mutation: You are somewhat resistant to further
                  | mutation. [potion of mutation]
  6552 | D:6      | Gained mutation: You have sharp fingernails. [potion of
                  | mutation]
  6552 | D:6      | Gained mutation: You are partially covered in iridescent
                  | scales. (AC +2) [potion of mutation]
  6552 | D:6      | Gained mutation: You are agile. (Dex +4, Str/Int -1)
                  | [potion of mutation]
  7058 | D:7      | Reached skill level 1 in Armour
  7064 | D:7      | Found an ancient bone altar of Kikubaaqudgha.
  7158 | D:7      | Noticed Menkaure
  7172 | D:7      | Mangled by an ogre

Illustrated notes

Levels and vault maps discovered:
D:1:      dpeg_arrival_round_c, layout_basic, ebering_ecumenical_altar_rust,
          serial_shops, shop, st_stairs_10, minmay_stone_trees_small,
          minmay_pentomino_o4
D:2:      layout_basic
D:3:      layout_rooms, nicolae_overflow_hallway_of_the_gods,
          chequers_mini_garden, minivault_11, kennysheep_generic_room_12,
          uniq_grinder
D:4:      minmay_razor_zed, layout_basic, cheibrodos_sewer_entry_drain,
          uniq_pikel
D:5:      minmay_opposing_rooms, layout_layer_cave, ebering_ghost_sewer_d,
          serial_demonic, serial_demonic_d, serial_demonic_g, serial_demonic_d,
          serial_demonic_a
D:6:      layout_gridville
D:7:      layout_rooms, nicolae_overflow_crystal_walls,
          minmay_temple_entry_gardened_gates, minmay_manual_monstrance,
          uniq_menkaure

Skill      XL: |  1  2  3  4  5  6  7  8  9 |
---------------+----------------------------+-----
Fighting       | 2 3 4 5 6 |  6.0
Long Blades    | 5 6 7 8 9 |  9.5
Dodging        | 4 5 6 7 |  7.6
Stealth        | 3 5 6 |  6.7
Armour         | 1 |  1.1
Throwing       | |  1.5

Action                     |  1- 3 |  4- 6 |  7- 9 || total
---------------------------+-------+-------+-------++-------
  Melee: Long sword        |   109 |   130 |   485 ||   724
         Bite              |     9 |    12 |    52 ||    73
         Punch             |       |     3 |    12 ||    15
  Throw: Throwing net      |       |       |     1 ||     1
    Use: Scroll            |     4 |     4 |    11 ||    19
         Potion            |     1 |       |     7 ||     8
   Stab: Sleeping          |     1 |       |     6 ||     7
         Distracted        |       |       |     1 ||     1
 Armour: Leather armour    |    52 |    40 |   233 ||   325
  Dodge: Dodged            |    65 |   108 |   526 ||   699

Table legend: (Time is in decaauts)
 A = Elapsed time spent in this place.
 B = Non-inter-level travel time spent in this place.
 C = Inter-level travel time spent in this place.
 D = Time resting spent in this place.
 E = Time spent auto-exploring this place.
 F = Levels seen in this place.
 G = Mean time per level.
                   A        B        C        D        E       F      G
               +--------+--------+--------+--------+--------+-----+--------+
         Total |   7383 |   7144 |    239 |   1085 |   4356 |   8 |  922.9 |
       Dungeon |   6435 |   6196 |    239 |   1002 |   3801 |   7 |  919.3 |
         Sewer |    947 |    947 |      0 |     83 |    554 |   1 |  947.0 |
               +--------+--------+--------+--------+--------+-----+--------+

Top non-repeatable levels by time:
     D:5: 1780 daAuts
     D:4: 1325 daAuts
     D:1: 980 daAuts
   Sewer: 947 daAuts
     D:6: 881 daAuts
     D:2: 732 daAuts
     D:3: 583 daAuts
     D:7: 151 daAuts
